 Dungeon Crawl Stone Soup version 0.19.0-2-gae57169 (webtiles) character file.

54376 Peloso the Carver (level 14, -4/126 HPs)
             Began as a Ghoul Fighter on Nov 5, 2016.
             Was a High Priest of Okawaru.
             Slain by a dire elephant (6 damage)
             ... on level 4 of the Lair of Beasts.
             The game lasted 01:22:00 (25164 turns).

Peloso the Carver (Ghoul Fighter)                  Turns: 25164, Time: 01:22:00

Health: -4/126     AC: 26    Str: 21    XL:     14   Next: 72%
Magic:  0/25       EV:  8    Int:  3    God:    Okawaru [*****.]
Gold:   1654       SH:  8    Dex: 16    Spells: 0 memorised, 13 levels left

rFire  . . .     SeeInvis +     b - +3 falchion
rCold  + + .     Gourm    .     M - +4 plate armour of Gallantry {+Inv rF+ Dex+4}
rNeg   + + +     Faith    .     K - +1 buckler {AC+3}
rPois  ∞         Spirit   +     G - +0 hat {SInv}
rElec  .         Reflect  .     F - +1 cloak {MR+}
rCorr  .         Harm     .     l - +0 pair of gloves
MR     ++...                    (no boots)
Stlth  ..........               z - amulet of guardian spirit
                                y - ring "Guahoff" {*Drain +Inv MP+9 Slay+3}
                                c - ring of ice

@: rotting
A: rotting body, claws 1, carnivore 3, cold resistance 1, negative energy
resistance 3, slow regeneration 1, torment resistance, unbreathing
a: Heroism, Finesse, Renounce Religion, Evoke Invisibility


You were on level 4 of the Lair of Beasts.
You worshipped Okawaru.
Okawaru was extremely pleased with you.
You were not hungry.

You visited 3 branches of the dungeon, and saw 19 of its levels.

You collected 1654 gold pieces.

Inventory:

Hand Weapons
 a - a +1 long sword
 b - a +3 falchion (weapon)
 C - a +2 hand axe of flaming
 J - the +1 lajatang of Lulygg {slice, Int+6, unknown}
   (Okawaru gifted it to you on level 5 of the Lair of Beasts)

   It inflicts extra damage upon your enemies.
   It affects your intelligence (+6).
Armour
 d - a +0 hat
 l - a +0 pair of gloves (worn)
 w - a +1 plate armour
 F - a +1 cloak of magic resistance (worn)
 G - a +0 hat of see invisible (worn)
 K - a +1 buckler of protection (worn)
 M - the +4 plate armour of Gallantry (worn) {+Inv rF+ Dex+4}
   (Okawaru gifted it to you on level 6 of the Lair of Beasts)

   It affects your dexterity (+4).
   It protects you from fire.
   It lets you turn invisible.
Jewellery
 c - a ring of ice (left hand)
 t - an uncursed ring of protection from magic
 v - an uncursed ring of protection from fire
 y - the ring "Guahoff" (right hand) {*Drain +Inv MP+9 Slay+3}
   (You found it on level 5 of the Dungeon)

   [ring of magical power]

   It affects your accuracy and damage with ranged weapons and melee attacks
   (+3).
   It affects your magic capacity (+9).
   It lets you turn invisible.
   It causes draining when unequipped.
 z - an amulet of guardian spirit (around neck)
Wands
 j - a wand of polymorph (18/24)
 n - a wand of paralysis (14/24)
 r - a wand of disintegration (16/24)
 s - a wand of polymorph (5/24)
 u - a wand of teleportation (7/9)
Scrolls
 e - 7 scrolls of remove curse
 m - a scroll of identify
 p - 4 scrolls of recharging
 q - 2 scrolls of enchant weapon
 A - 7 scrolls of fog
 B - 6 scrolls of enchant armour
 I - 3 scrolls of magic mapping
Potions
 h - 3 potions of agility
 i - 3 potions of flight
 k - 7 potions of curing
 o - 4 potions of haste
 L - a potion of resistance
 N - a potion of cancellation {unknown}
 R - 3 potions of heal wounds {unknown}
 T - 2 potions of invisibility {unknown}
Books
 E - a book of Conjurations

   Spells                             Type                      Level
   a - Magic Dart                     Conjuration                  1
   b - Searing Ray                    Conjuration                  2
   c - Dazzling Spray                 Conjuration/Hexes            3
   d - Fulminant Prism                Conjuration/Hexes            4
   e - Iskenderun's Mystic Blast      Conjuration                  4
   f - Iskenderun's Battlesphere      Conjuration/Charms           5
Comestibles
 f - 11 meat rations
 g - 5 beef jerkies
 x - 7 slices of pizza
 H - 2 royal jellies
 O - 3 chunks of flesh


   Skills:
 + Level 12.2 Fighting
 + Level 14.0 Long Blades
 + Level 1.5 Axes
 + Level 11.2 Armour
 + Level 2.9 Dodging
 + Level 2.4 Stealth
 + Level 10.3 Shields
 + Level 4.0 Invocations
 + Level 0.8 Evocations


You had 13 spell levels left.
You didn't know any spells.

Dungeon Overview and Level Annotations

Branches:
Dungeon (12/15)            Temple (0/1) D:6            Lair (6/6) D:9
  Swamp (0/4) Lair:2       Spider (0/4) Lair:3        Slime (0/5) Lair:6
    Orc (1/2) D:10

Altars:
Ashenzari
Dithmenos
Elyvilon
Fedhas
Makhleb
Nemelex Xobeh
Okawaru
Qazlal
Ru
Sif Muna
Trog
The Shining One

Annotations:
Lair:2 exclusion: 4 oklob plants


Innate Abilities, Weirdness & Mutations

Your body is rotting away.
You thrive on raw meat.
You are immune to poison.
You have sharp fingernails.
You are carnivorous and can eat meat at any time.
Your flesh is cold resistant. (rC+)
You are immune to negative energy. (rN+++)
You regenerate slowly when monsters are visible.
You are immune to unholy pain and torment.
You can survive without breathing.


Message History

The dire elephant is severely wounded.
The dire elephant trunk-slaps you.
* * * LOW HITPOINT WARNING * * *
There is a stone staircase leading up here.
The water moccasin bites you but does no damage.
The dire elephant barely misses you.
You riposte.
You hit the dire elephant but do no damage.
The dire elephant is heavily wounded.
You block the dire elephant's attack. The water moccasin misses you.
You feel yourself speed up.
Being near the torpor snail leaves you feeling lethargic.
The dire elephant tramples you!!
* * * LOW HITPOINT WARNING * * *
You stumble backwards!
As you read the scroll of summoning, it crumbles to dust.
Wisps of shadow whirl around you...
You feel yourself speed up. The dire elephant tramples you!
You die...

.................................
................................P
................................#
..<......####w####....##.###P...#
+..##....# ##.# #....#.#.###....
.####....# ##..###....##...#....#
...#.....# #...##S....##........#
..###....# #..SY#.....##...##....
..###....# #...H@.....##...##...#
..P##....# ###F#.#.....#..###....
#####....####...##.....#P..#.....
####......#.................>....
!##.............................#
.......................<........#
................................#
................................P
............##.##....P###.##.#...


You could see a dire elephant, a water moccasin, a friendly hippogriff, a
friendly spiny frog and a friendly water moccasin.

Vanquished Creatures
  An orc warlord (Orc:1)
  Nessos (Lair:6)
  3 hydras
  A death knight (D:11)
  A catoblepas (Lair:6)
  An anaconda (Lair:6)
  2 death yaks
  The ghost of Millan the Basher, a novice MiBe of Trog (D:8)
  A skeletal warrior (D:11)
  2 unseen horrors
  A lindwurm (Lair:2)
  A phantasmal warrior (D:11)
  An orc sorcerer (Orc:1)
  The ghost of Gargoyl the Schismatic, a novice DsAK of Lugonu (D:6)
  2 manticores (D:11)
  2 cyclopes
  10 elephants
  Psyche (D:10)
  A black mamba (Lair:2)
  Maurice (Orc:1)
  17 spiny frogs
  6 komodo dragons
  2 rime drakes
  2 freezing wraiths (D:11)
  2 trolls
  A hornet (D:8)
  Prince Ribbit (D:7)
  2 polar bears
  2 two-headed ogres
  12 blink frogs
  6 dream sheep (Lair:6)
  5 slime creatures
  11 hippogriffs
  A wraith (D:10)
  2 basilisks
  3 wyverns
  A human (D:7)
  37 yaks
  4 hogs (D:7)
  A vampire mosquito (D:11)
  Edmund (D:6)
  A soldier ant (D:11)
  2 wargs (Orc:1)
  17 water moccasins
  10 porcupines
  Duvessa (D:7)
  A swamp drake (Lair:2)
  19 orc warriors
  2 ice beasts
  2 black bears
  7 sky beasts
  5 phantoms
  A necrophage (D:11)
  9 ogres
  7 centaurs
  8 wolves
  21 crocodiles
  Blork the orc (D:5)
  14 bullfrogs
  2 big kobolds
  A gnoll sergeant (D:8)
  Dowan (D:7)
  A water moccasin zombie (D:11)
  A wyvern zombie (D:6)
  A wyvern skeleton (D:7)
  9 wights
  9 scorpions
  3 electric eels (Lair:1)
  A howler monkey (D:12)
  2 crimson imps
  2 quasits
  A bullfrog zombie (D:8)
  5 hounds
  A centaur zombie (D:12)
  5 jellies
  12 orc priests
  3 bullfrog skeletons
  2 centaur skeletons
  6 iguanas
  15 orc wizards
  7 hell rats (Lair:3)
  9 worker ants
  A hound skeleton (D:6)
  3 worker ant zombies
  11 gnolls
  17 adders
  2 shadow imps
  5 oozes
  An adder zombie (D:5)
  3 adder skeletons (D:3)
  4 worms
  A dart slug (D:1)
  4 leopard geckos
  72 orcs
  8 giant cockroaches
  17 goblins
  4 hobgoblins
  11 jackals
  3 quokkas
  2 ball pythons
  A ball python skeleton (D:3)
  7 bats
  4 frilled lizards
  16 kobolds
  3 leopard gecko skeletons (D:3)
  2 quokka skeletons (D:3)
  4 rats
  A plant (Lair:6)
588 creatures vanquished.

Vanquished Creatures (others)
  A sky beast (D:12)
  5 fungi
  7 plants
13 creatures vanquished.

Grand Total: 601 creatures vanquished

Notes
Turn   | Place    | Note
-------+----------+-------------------------------------------
     0 | D:1      | Peloso the Ghoul Fighter began the quest for the Orb.
     0 | D:1      | Reached XP level 1. HP: 19/19 MP: 0/0
   217 | D:1      | Reached XP level 2. HP: 25/26 MP: 1/1
   226 | D:1      | Reached skill level 2 in Long Blades
   713 | D:2      | Reached XP level 3. HP: 31/31 MP: 2/2
   756 | D:2      | Found a bloodstained altar of Trog.
   799 | D:2      | Found an iron altar of Okawaru.
   808 | D:2      | Became a worshipper of Warmaster Okawaru
  1034 | D:3      | Found a white marble altar of Elyvilon.
  1112 | D:3      | Found a faded altar of an unknown god.
  1177 | D:3      | Reached XP level 4. HP: 27/40 MP: 3/3
  1373 | D:2      | HP: 1/39 [leopard gecko (1)]
  1903 | D:2      | Reached XP level 5. HP: 41/46 MP: 4/4
  2045 | D:3      | Reached skill level 3 in Long Blades
  2046 | D:3      | Found a shattered altar of Ashenzari.
  2174 | D:3      | Found a glowing golden altar of the Shining One.
  2806 | D:3      | Reached XP level 6. HP: 34/51 MP: 5/5
  2956 | D:4      | Reached skill level 1 in Dodging
  3109 | D:4      | Reached * piety under Okawaru
  3184 | D:4      | Noticed a phantom
  3290 | D:4      | Killed a phantom
  3412 | D:4      | Reached XP level 7. HP: 45/60 MP: 6/6
  3440 | D:4      | Found a sacrificial altar of Ru.
  3499 | D:4      | Reached skill level 4 in Long Blades
  3662 | D:4      | Found a sparkling altar of Nemelex Xobeh.
  4124 | D:5      | Entered Level 5 of the Dungeon
  4202 | D:5      | Got a clouded lapis lazuli ring
  4208 | D:5      | Identified the ring "Guahoff" {*Drain +Inv MP+9 Slay+3} (You found it on level 5 of the Dungeon)
  4517 | D:5      | Noticed Blork the orc
  4534 | D:5      | Killed Blork the orc
  4534 | D:5      | Reached ** piety under Okawaru
  4534 | D:5      | Reached XP level 8. HP: 51/66 MP: 7/7
  4587 | D:5      | Reached skill level 5 in Fighting
  4587 | D:5      | Reached skill level 5 in Long Blades
  4664 | D:5      | Reached skill level 5 in Armour
  4988 | D:6      | Found a staircase to the Ecumenical Temple.
  5048 | D:6      | Reached *** piety under Okawaru
  5048 | D:6      | Reached skill level 6 in Long Blades
  5048 | D:6      | Reached skill level 5 in Shields
  5155 | D:6      | Noticed Edmund
  5190 | D:6      | Killed Edmund
  5252 | D:6      | Reached XP level 9. HP: 71/74 MP: 8/8
  5398 | D:6      | Reached skill level 7 in Long Blades
  5519 | D:6      | Noticed Gargoyl's ghost (novice DsAK)
  5547 | D:6      | Killed Gargoyl's ghost
  5547 | D:6      | Reached **** piety under Okawaru
  6145 | D:7      | Reached skill level 8 in Long Blades
  6304 | D:7      | Noticed Prince Ribbit
  6325 | D:7      | Killed Prince Ribbit
  6437 | D:7      | Reached XP level 10. HP: 70/84 MP: 9/9
  6461 | D:7      | Found a deep blue altar of Sif Muna.
  6690 | D:7      | Noticed Dowan
  6692 | D:7      | Noticed Duvessa
  6703 | D:7      | Killed Duvessa
  6706 | D:7      | Killed Dowan
  6953 | D:7      | Reached skill level 1 in Invocations
  6979 | D:7      | Reached skill level 9 in Long Blades
  7240 | D:8      | Noticed Millan's ghost (novice MiBe)
  7287 | D:8      | HP: 3/84 [Millan's ghost (9)]
  7659 | D:8      | Found a stormy altar of Qazlal.
  7659 | D:8      | Found a shadowy altar of Dithmenos.
  7665 | D:8      | Found a blossoming altar of Fedhas.
  7701 | D:8      | Found a burning altar of Makhleb.
  7755 | D:8      | Killed Millan's ghost
  7758 | D:8      | Reached ***** piety under Okawaru
  8139 | D:8      | Reached skill level 10 in Long Blades
  8812 | D:8      | Got a pitted chain mail
  8823 | D:8      | Identified the cursed +0 chain mail "Naeqir" {Str+2 Dex-4 Stlth+} (You found it on level 8 of the Dungeon)
  8869 | D:8      | Reached skill level 1 in Stealth
  9039 | D:9      | Noticed an elephant
  9065 | D:9      | Killed an elephant
  9074 | D:9      | Reached XP level 11. HP: 62/92 MP: 11/11
  9215 | D:9      | Found a staircase to the Lair.
  9569 | D:10     | Entered Level 10 of the Dungeon
  9696 | D:10     | Found a staircase to the Orcish Mines.
  9970 | D:10     | Noticed Psyche
  9980 | D:10     | Paralysed by Psyche for 5 turns
  9988 | D:10     | Killed Psyche
 10351 | D:11     | Noticed a cyclops
 10365 | D:11     | Killed a cyclops
 10426 | D:11     | Noticed a manticore
 10452 | D:11     | Killed a manticore
 10452 | D:11     | Reached skill level 11 in Long Blades
 10726 | D:11     | Killed an unseen horror
 10749 | D:11     | Noticed a manticore
 10781 | D:11     | Killed a manticore
 11168 | D:11     | Received a gift from Okawaru
 11602 | Lair:1   | Entered Level 1 of the Lair of Beasts
 11814 | Lair:1   | Reached XP level 12. HP: 68/103 MP: 12/12
 14108 | Lair:2   | Found a staircase to the Swamp.
 14170 | Lair:2   | Reached skill level 12 in Long Blades
 14583 | Lair:3   | Found a hole to the Spider Nest.
 14888 | Lair:3   | Noticed a six-headed hydra
 15267 | D:12     | Noticed a four-headed hydra
 15292 | D:12     | Killed an 18-headed hydra
 15514 | D:12     | Noticed a death knight
 15766 | D:12     | Reached skill level 10 in Fighting
 15923 | D:12     | Reached XP level 13. HP: 86/112 MP: 14/14
 17539 | D:11     | Received a gift from Okawaru
 17571 | D:11     | Reached skill level 10 in Armour
 18301 | Orc:1    | Entered Level 1 of the Orcish Mines
 19077 | Orc:1    | Noticed Maurice
 19089 | Orc:1    | Killed Maurice
 19094 | Orc:1    | Noticed an orc warlord
 19216 | Orc:1    | Killed an orc warlord
 20537 | Lair:4   | Reached skill level 13 in Long Blades
 21080 | Lair:4   | Identified a scroll of acquirement
 21795 | Lair:5   | Reached XP level 14. HP: 107/124 MP: 15/15
 21873 | Lair:5   | Reached skill level 10 in Shields
 22432 | Lair:5   | Received a gift from Okawaru
 22435 | Lair:5   | Got a pitted lajatang {god gift}
 23205 | Lair:6   | Entered Level 6 of the Lair of Beasts
 23707 | Lair:6   | Found a staircase to the Slime Pits.
 23885 | Lair:6   | Noticed Nessos
 23911 | Lair:6   | Killed Nessos
 24335 | Lair:6   | Reached skill level 1 in Axes
 24453 | Lair:6   | Received a gift from Okawaru
 24973 | Lair:6   | Received a gift from Okawaru
 24973 | Lair:6   | Reached skill level 14 in Long Blades
 24976 | Lair:6   | Got an encrusted plate armour {god gift}
 24990 | Lair:6   | Identified the +4 plate armour of Gallantry {+Inv rF+ Dex+4} (Okawaru gifted it to you on level 6 of the Lair of Beasts)
 24994 | Lair:6   | Noticed a dire elephant
 24994 | Lair:6   | Noticed a dire elephant
 25047 | Lair:6   | Noticed a dire elephant
 25053 | Lair:6   | Noticed a dire elephant
 25112 | Lair:5   | HP: 3/125 [dire elephant (4)]
 25122 | Lair:5   | HP: 4/125 [torpor snail (1)]
 25163 | Lair:4   | HP: 2/126 [dire elephant (12)]
 25164 | Lair:4   | Slain by a dire elephant

Skill      XL: |  1  2  3  4  5  6  7  8  9 10 11 12 13 14 |
---------------+-------------------------------------------+-----
Long Blades    | 2 3 4 6 8 10 11 12 13 14 | 14.0
Armour         | 3 4 5 6 7 8 9 10 11 | 11.2
Shields        | 3 4 5 6 7 8 9 10 | 10.3
Fighting       | 4 5 6 7 8 10 11 12 | 12.2
Dodging        | 1 2 |  2.9
Invocations    | 1 2 3 4 |  4.0
Stealth        | 1 2 |  2.4
Axes           | 1 |  1.5
Evocations     | |  0.8

Action                   |  1- 3 |  4- 6 |  7- 9 | 10-12 | 13-15 || total
-------------------------+-------+-------+-------+-------+-------++-------
Melee: Long sword        |   124 |   322 |   443 |  1143 |       ||  2032
       Falchion          |       |       |       |    81 |  1529 ||  1610
       Short sword       |       |       |       |     1 |       ||     1
       Hand axe          |       |       |       |       |    17 ||    17
Invok: Heroism           |       |     2 |    12 |    49 |    41 ||   104
       Finesse           |       |       |       |     1 |     1 ||     2
Evoke: Wand              |       |       |       |     2 |     2 ||     4
  Use: Potion            |       |       |     1 |     4 |     3 ||     8
       Scroll            |       |       |       |    28 |    10 ||    38
  Eat: Chunk             |     1 |    14 |    28 |    48 |    80 ||   171
       Pizza             |       |       |       |     1 |       ||     1
Armor: Scale mail        |    67 |    22 |       |       |       ||    89
       Chain mail        |       |   155 |    10 |       |       ||   165
       Plate armour      |       |       |   234 |   728 |   608 ||  1570
Dodge: Dodged            |    41 |    72 |    91 |   382 |   398 ||   984
Block: Shield            |    59 |   156 |   175 |       |       ||   390
       Buckler           |       |       |    25 |   408 |   427 ||   860
       Rpst.: Long sword |    11 |    22 |    27 |    79 |       ||   139
       Falchion          |       |       |       |     7 |    94 ||   101
